 Dungeon Crawl Stone Soup version 0.16.1-29-g3e760ad (webtiles) character file.

77 gornard the Insei (level 4, 0/35 HPs)
             Began as a Draconian Transmuter on June 9, 2015.
             Succumbed to poison (a potion of poison)
             ... on level 3 of the Dungeon.
             The game lasted 00:17:56 (2745 turns).

gornard the Insei (Draconian Transmuter)            Turns: 2745, Time: 00:17:56

Health: 0/35       AC:  5    Str: 12    XL:     4   Next: 13%
Magic:  3/7        EV: 12    Int: 13    God:
Gold:   154        SH:  0    Dex: 13    Spells: 3 memorised, 1 level left

rFire  . . .     SeeInvis .       - Unarmed
rCold  . . .     Clarity  .     (armour unavailable)
rNeg   . . .     SustAb   .     (no shield)
rPois  .         Gourm    .     (helmet restricted)
rElec  .         Spirit   .     (no cloak)
rCorr  .         Warding  .     (no gloves)
rMut   .         Stasis   .     (no boots)
MR     .....                    (no amulet)
Stlth  +.........               (no ring)
                                (no ring)

@: lethally poisoned (0 -> -17), not resistant to hostile enchantments, very
unstealthy
A: unfitting armour, cold-blooded, AC +5
a: no special abilities


You were on level 3 of the Dungeon.
You were not hungry.

You visited 1 branch of the dungeon, and saw 3 of its levels.

You collected 154 gold pieces.

Inventory:

Missiles
 b - 72 arrows
 i - 12 arrows of flame
 m - 6 curare-tipped needles
Scrolls
 h - a scroll of amnesia {unknown}
 j - a scroll of recharging {unknown}
 l - a scroll of immolation {unknown}
 n - a scroll of teleportation {unknown}
Potions
 e - 2 potions of curing
 f - a potion of agility
Books
 d - a book of Changes

   Spells                             Type                      Level
   a - Beastly Appendage              Transmutation                1
   b - Sticks to Snakes               Transmutation                2
   c - Spider Form                    Transmutation/Poison         3
   d - Ice Form                       Ice/Transmutation            4
   e - Blade Hands                    Transmutation                5
Comestibles
 a - a bread ration
 g - 2 fruits
 k - 4 chunks of flesh


   Skills:
 - Level 1.1 Fighting
 - Level 1.7 Dodging
 + Level 5.0 Unarmed Combat
 - Level 2.0 Spellcasting
 - Level 2.0 Transmutations


You had one spell level left.
You knew the following spells:

 Your Spells              Type           Power        Failure   Level  Hunger
a - Beastly Appendage     Trmt           #.....       12%         1    ##.....
b - Sticks to Snakes      Trmt           #.........   17%         2    ###....
c - Spider Form           Trmt/Pois      #.........   52%         3    ####...


Dungeon Overview and Level Annotations

Branches:
Dungeon (3/15)

Altars:
Fedhas


Innate Abilities, Weirdness & Mutations

Your plain brown scales are hard (AC +5).
Your body does not fit into most forms of armour.
Your cold-blooded metabolism reacts poorly to cold.


Message History

The orc wizard gestures at you while chanting.
The magic dart hits you!
* * * LOW HITPOINT WARNING * * *
Your adder bites the orc wizard.
Your adder barely misses the orc wizard.
The orc shouts!
Your adder bites the orc wizard.
The orc wizard is poisoned.
Your adder poisons the orc wizard!
Your adder bites the orc wizard.
The orc wizard dies!
Your Unarmed Combat skill increases to level 5!
You have reached level 4!
You feel agile.
Your adder looks stronger.
Your adder withers and dies!
Your adder closely misses the orc.
Drink which item? (? for menu, Esc to quit)
It was a potion of poison.
That liquid tasted very nasty...
You are lethally poisoned!
You die...

##### #...#
########...##########
###...................####
..........So)..o..........
###........##########.#...
#.....)..# #.#...
###..[.....##########.#...
..........@......o.........
#######.###########.#.####
#.# #.# #.# #.# #.# #.# #)#
####.# #....# #....#


You could see 2 orcs and a friendly adder.

Vanquished Creatures
  2 adders (D:2)
  A giant gecko (D:1)
  An orc (D:3)
  8 bats
  3 giant cockroaches (D:2)
  3 goblins
  4 hobgoblins
  2 jackals (D:2)
  A quokka (D:2)
  3 giant newts
  4 kobolds
  11 rats
43 creatures vanquished.

Vanquished Creatures (collateral kills)
  An orc wizard (D:3)
  An orc (D:3)
  A goblin (D:3)
  A kobold (D:3)
4 creatures vanquished.

Grand Total: 47 creatures vanquished

Notes
Turn   | Place    | Note
--------------------------------------------------------------
     0 | D:1      | gornard, the Draconian Transmuter, began the quest for the Orb.
     0 | D:1      | Reached XP level 1. HP: 16/16 MP: 3/3
   297 | D:1      | Reached XP level 2. HP: 21/23 MP: 2/4
  1055 | D:2      | Reached skill level 4 in Unarmed Combat
  1351 | D:2      | Reached XP level 3. HP: 23/28 MP: 4/6
  1783 | D:2      | Found a blossoming altar of Fedhas.
  1820 | D:2      | Learned a level 2 spell: Sticks to Snakes
  1824 | D:2      | Learned a level 3 spell: Spider Form
  2741 | D:3      | HP: 1/28 [orc wizard/magic dart (3)]
  2742 | D:3      | Reached skill level 5 in Unarmed Combat
  2742 | D:3      | Reached XP level 4. HP: 1/35 MP: 3/7
  2745 | D:3      | Succumbed to poison (a potion of poison)

Action                   |  1- 3 |  4- 6 || total
-------------------------+-------+-------++-------
Melee: Unarmed           |   139 |       ||   139
 Cast: Beastly Appendage |    26 |       ||    26
       Sticks to Snakes  |     6 |       ||     6
  Use: Scroll            |     2 |       ||     2
       Potion            |       |     1 ||     1
 Stab: Sleeping          |     1 |       ||     1
  Eat: Chunk             |     7 |       ||     7
